 Dungeon Crawl Stone Soup version 0.30.1-4-g462c640d31 (webtiles) character file.

Game seed: 17074941509978359473

3381 Heoruswealwe the Skirmisher (level 9, -2/83 HPs)
             Began as a Demigod Hunter on Aug 17, 2023.
             Slain by Erica
             ... wielding a +4 scimitar of flaming
              (12 damage)
             ... on level 8 of the Dungeon.
             The game lasted 01:13:05 (8532 turns).

Heoruswealwe the Skirmisher (Demigod Hunter)        Turns: 8532, Time: 01:13:05

Health: -2/83      AC: 12    Str: 11 (12) XL:     9   Next: 46%
Magic:  11/11      EV: 13    Int: 10 (11) God:
Gold:   250        SH:  0    Dex: 29      Spells: 8/8 levels left

rFire   + . .        a - +0 shortbow
rCold   . . .        (shield currently unavailable)
rNeg    . . .        c - +0 steam dragon scales
rPois   .            g - +0 helmet
rElec   .            h - +2 cloak {Will+}
rCorr   .            f - +0 pair of gloves
SInv    .            e - +1 pair of boots
Will    ++...        (no amulet)
Stlth   ++           k - ring of protection from fire
HPRegen 0.33/turn    j - ring of willpower
MPRegen 0.12/turn

%: no passive effects
@: slowed, very slow
A: high MP 1, forlorn, divine attributes
a: no special abilities


You were on level 8 of the Dungeon.
You visited 2 branches of the dungeon, and saw 9 of its levels.

You collected 355 gold pieces.
You spent 105 gold pieces at shops.

Inventory:

Hand Weapons
 a - a +0 shortbow (weapon)
 b - a +0 long sword
 A - a +0 battleaxe
Armour
 c - +0 steam dragon scales (worn)
 e - a +1 pair of boots (worn)
 f - a +0 pair of gloves (worn)
 g - a +0 helmet (worn)
 h - a +2 cloak of willpower (worn)
 t - a +0 robe of cold resistance
 v - the +4 kite shield "Ohuunay" {rN+++ Will+ Int-4 Dex+6}
   (You found it on level 4 of the Dungeon)

   Int:       It affects your intelligence (-4).
   Dex:       It affects your dexterity (+6).
   rN:        It renders you almost immune to negative energy.
   Will:      It increases your willpower.
 y - the +0 ring mail of the Snake Pit {Str+4}
   (You found it on level 5 of the Dungeon)

   Str:       It affects your strength (+4).
Jewellery
 j - a ring of willpower (right hand)
 k - a ring of protection from fire (left hand)
Wands
 i - a wand of flame (10)
 m - a wand of mindburst (16)
 D - a wand of light (12)
Scrolls
 o - a scroll of magic mapping
 r - 2 scrolls of fog
 s - a scroll of poison
 x - 2 scrolls of teleportation
 E - a scroll of blinking {unknown}
Potions
 l - a potion of might
 p - 2 potions of mutation {unknown}
 q - a potion of lignification {unknown}
 u - a potion of ambrosia {unknown}
 w - a potion of attraction {unknown}
 z - 2 potions of flight
 C - 3 potions of haste {unknown}


   Skills:
 + Level 9.2 Fighting
 + Level 9.8 Ranged Weapons
 - Level 1.7 Dodging
 - Level 0.8 Stealth


You had 8 spell levels left.
You didn't know any spells.
Your spell library contained the following spells:

 Spells                   Type           Power      Damage    Failure   Level
 Beastly Appendage        Tmut           0%         N/A       36%         1
 Summon Small Mammal      Summ           0%         N/A       36%         1
 Cigotuvi's Dreadful Rot  Necr/Pois/Air  0%         N/A       50%         2
 Wereblood                Tmut           0%         N/A       50%         2
 Call Canine Familiar     Summ           0%         N/A       75%         3
 Spider Form              Tmut/Pois      0%         N/A       75%         3
 Summon Guardian Golem    Hex/Summ       0%         N/A       75%         3
 Dispel Undead            Necr           0%         3d6       98%         4
 Petrify                  Tmut/Erth      0%         N/A       98%         4
 Metabolic Englaciation   Hex/Ice        0%         N/A       100%        5
 Death Channel            Necr           0%         N/A       100%        6
 Statue Form              Tmut/Erth      0%         N/A       100%        6


Dungeon Overview and Level Annotations

Branches:
Dungeon (8/15)             Temple (1/1) D:7
   Lair: D:8-11

Shops:
D:3 :   D:8 *

Annotations:
D:8 Erica


Innate Abilities, Weirdness & Mutations

You have an increased reservoir of magic. (+10% MP)
You shall have no god before yourself.
Your divine heritage dramatically boosts your attributes as you level up.


Message History

The hornet stings you.
* * * LOW HITPOINT WARNING * * *
You suddenly lose the ability to move!
The hornet stings you but does no damage. x2
The hornet stings you.
* * * LOW HITPOINT WARNING * * *
You feel as though you will be slow longer.
You can move again.
Okay, then.
Okay, then.
You are too injured to fight recklessly!
Fire: a) +0 shortbow
Press: ? - help, Q - select action, (/) - cycle Shift-Dir - straight line, f/p - hornet
Aim: a hornet (heavily wounded, 63% to hit)
You shoot an arrow. The arrow hits the hornet.
The hornet is severely wounded.
The hornet stings you!
* * * LOW HITPOINT WARNING * * *
You feel as though you will be slow longer.
The hornet stings you but does no damage.
Fire: a) +0 shortbow
Press: ? - help, Q - select action, (/) - cycle Shift-Dir - straight line, f/p - hornet
Aim: a hornet (severely wounded, 63% to hit)
You shoot an arrow. The arrow closely misses the hornet.
The hornet stings you.
* * * LOW HITPOINT WARNING * * *
You feel as though you will be slow longer.
The hornet misses you.
Fire: a) +0 shortbow
Press: ? - help, Q - select action, (/) - cycle Shift-Dir - straight line, f/p - hornet
Aim: a hornet (severely wounded, 63% to hit)
You shoot an arrow. The arrow hits the hornet!
You kill the hornet!
Something barely misses you.
You feel your dexterity returning.
Fire: a) +0 shortbow
Press: ? - help, Q - select action, (/) - cycle Shift-Dir - straight line You shoot an arrow.
Something hits you!
You die...

# #.......# #§.# ###
#☼## ##.#### #§○#
##.....###°☼#
##........#§°# #
##..........#.# ##
#..[........#†#
.###...........#@#
.##............#§##
......<........#○☼#
#..............☼○§#
#..............☼☼§#
..............§○°○#
..............§☼§○#
.............○§§☼☼##
...............##..#


There were no monsters in sight!

Vanquished Creatures
  Maggie (D:7)
  A hornet (D:8)
  Prince Ribbit (D:7)
  2 steam dragons (D:8)
  Eustachio (D:5)
  A water moccasin (D:7)
  Duvessa (D:7)
  A sky beast (D:7)
  An orc warrior (D:8)
  An ice beast (D:5)
  2 ogres (D:6)
  3 phantoms (D:5)
  Blork the orc (D:6)
  2 bullfrogs
  A kobold brigand (D:8)
  2 scorpions
  Dowan (D:7)
  2 howler monkeys (D:7)
  4 jellies
  An orc priest (D:6)
  Crazy Yiuf (D:7)
  5 hounds
  2 gnoll boudas
  4 iguanas
  2 sleepcaps
  5 orc wizards
  Robin (D:4)
  11 gnolls
  6 adders
  A shadow imp (D:6)
  A white imp (D:6)
  3 worms (D:2)
  14 orcs
  6 bats
  4 endoplasms
  4 giant cockroaches
  16 goblins
  11 hobgoblins
  A jackal (D:2)
  2 quokkas
  7 ball pythons
  A frilled lizard (D:1)
  10 kobolds
  5 rats
153 creatures vanquished.

Notes
Turn   | Place    | Note
-------+----------+-------------------------------------------
     0 | D:1      | Heoruswealwe the Demigod Hunter began the quest for the
                  | Orb.
     0 | D:1      | Reached XP level 1. HP: 17/17 MP: 3/3
   297 | D:1      | Reached XP level 2. HP: 24/24 MP: 4/4
   882 | D:2      | Reached XP level 3. HP: 19/30 MP: 5/5
  1665 | D:3      | Reached XP level 4. HP: 38/38 MP: 6/6
  2162 | D:3      | Found Fasitomu's Book Emporium.
  2805 | D:4      | Noticed Robin
  2827 | D:4      | Killed Robin
  2900 | D:4      | Reached skill level 5 in Ranged Weapons
  2900 | D:4      | Reached XP level 5. HP: 37/46 MP: 7/7
  3102 | D:4      | Identified the +4 kite shield "Ohuunay" {rN+++ Will+ Int-4
                  | Dex+6}
  3765 | D:4      | Reached XP level 6. HP: 38/53 MP: 8/8
  3823 | D:5      | Entered Level 5 of the Dungeon
  3856 | D:5      | Reached skill level 5 in Fighting
  4121 | D:5      | Identified the +0 ring mail of the Snake Pit {Str+4}
  4137 | D:5      | Reached XP level 7. HP: 61/61 MP: 9/9
  4226 | D:5      | Noticed Eustachio
  4248 | D:5      | Killed Eustachio
  4873 | D:6      | Noticed Blork the orc
  4889 | D:6      | Killed Blork the orc
  4936 | D:6      | Reached XP level 8. HP: 8/71 MP: 10/10
  6605 | D:7      | Found a staircase to the Ecumenical Temple.
  6614 | Temple   | Entered the Ecumenical Temple
  6700 | D:7      | Noticed Prince Ribbit
  6721 | D:7      | Killed Prince Ribbit
  6943 | D:7      | Found a runed translucent door.
  6944 | D:7      | Noticed Crazy Yiuf
  6957 | D:7      | Killed Crazy Yiuf
  7225 | D:7      | Noticed Maggie
  7238 | D:7      | Killed Maggie
  7239 | D:7      | Reached XP level 9. HP: 57/82 MP: 11/11
  7319 | D:7      | Noticed Duvessa
  7328 | D:7      | Noticed Dowan
  7339 | D:7      | Killed Dowan
  7509 | D:7      | Killed Duvessa
  8038 | D:8      | Noticed a manticore
  8039 | D:8      | Noticed a centaur warrior
  8277 | D:8      | Found Qeavvum's General Store.
  8287 | D:8      | Bought a scroll of poison for 60 gold pieces
  8287 | D:8      | Bought a potion of curing for 45 gold pieces
  8495 | D:8      | Noticed Erica
  8519 | D:8      | Paralysed by a hornet for 1 turns
  8526 | D:8      | Paralysed by a hornet for 3 turns
  8532 | D:8      | Slain by Erica

Illustrated notes

Levels and vault maps discovered:
D:1:      heliophobic_arrival_glass_houses, layout_basic
D:2:      layout_basic, minmay_split_cup_large
D:3:      layout_loops_ring, serial_co_window_serial, co_window_paths_a,
          co_window_corner_a, co_window_of_opportunity_a, co_window_paths_a,
          co_window_paths_b, co_window_of_opportunity_a, co_window_paths_c,
          co_window_of_opportunity_b, co_window_of_opportunity_b,
          co_window_paths_c, co_window_paths_c, co_window_paths_e,
          co_window_4corner_b, glass_columns_b, glass_columns_c,
          glass_columns_a, glass_columns_b, glass_columns_a, serial_shops, shop,
          minmay_misc_feat_hallway
D:4:      layout_gridville, uniq_robin
D:5:      layout_loops_ring, uniq_eustachio
D:6:      layout_loops_corners, kennysheep_mini_moat, minmay_statues_item,
          uniq_blork_the_orc
D:7:      layout_loops_cross, minmay_temple_entry_antechambers,
          uniq_crazy_yiuf_cottage, uniq_maggie, uniq_prince_ribbit1,
          uniq_duvessa
D:8:      layout_cave_pods, nicolae_qazlal_general_emergency, serial_shops,
          shop, lightli_corner_chamber, uniq_erica
Temple:   nicolae_temple_x_marks_the_god

Skill      XL: |  1  2  3  4  5  6  7  8  9 |
---------------+----------------------------+-----
Fighting       | 2 3 4 5 6 8 9 |  9.2
Ranged Weapons | 4 5 6 7 9 |  9.8
Dodging        | |  1.7
Stealth        | |  0.8

Action                     |  1- 3 |  4- 6 |  7- 9 || total
---------------------------+-------+-------+-------++-------
  Melee: Long sword        |       |       |    54 ||    54
         Punch             |       |       |     2 ||     2
   Fire: Shortbow          |   121 |   156 |   343 ||   620
    Use: Scroll            |       |     1 |    16 ||    17
         Potion            |       |       |     7 ||     7
 Armour: Leather armour    |    21 |    43 |    54 ||   118
         Steam dragon scal |       |       |    22 ||    22
  Dodge: Dodged            |    34 |    64 |   159 ||   257
